 Dungeon Crawl Stone Soup version 0.26-a0-665-gefeb406119 (webtiles) character file.

Game seed: 5954951465912352572

667 Demosthentine the Shield-Bearer (level 7, -3/56 HPs)
             Began as a Formicid Fighter on Oct 15, 2020.
             Killed from afar by Maggie (19 damage)
             ... with a bolt of fire
             ... on level 6 of the Dungeon.
             The game lasted 00:05:07 (4120 turns).

Demosthentine the Shield-Bearer (Formicid Fighter)  Turns: 4120, Time: 00:05:07

Health: -3/56      AC:  8    Str: 23    XL:     7   Next: 88%
Magic:  7/7        EV: 14    Int:  7    God:
Gold:   220        SH: 10    Dex: 10    Spells: 6/6 levels left

rFire    . . .     SeeInvis +   a - +0 war axe
rCold    . . .     Faith    .   c - +0 kite shield
rNeg     . . .     Spirit   .   b - +0 scale mail
rPois    .         Reflect  .   (helmet unavailable)
rElec    .         Harm     .   (no cloak)
rCorr    +         Rampage  .   (no gloves)
MR       .....                  f - +0 pair of boots
Stlth    ..........             (no amulet)
HPRegen  0.18/turn              m - +4 ring of evasion
MPRegen  0.10/turn              s - ring of resist corrosion

@: mesmerised
A: permanent stasis, dig shafts and tunnels, four strong arms, antennae 3
a: Dig, Shaft Self


You were on level 6 of the Dungeon.
You visited 1 branch of the dungeon, and saw 6 of its levels.

You collected 220 gold pieces.

Inventory:

Hand Weapons
 a - a +0 war axe (weapon)
Missiles
 e - 12 boomerangs (quivered)
 j - 5 poisoned darts
 k - 5 curare-tipped darts
 v - a throwing net
Armour
 b - a +0 scale mail (worn)
 c - a +0 kite shield (worn)
 f - a +0 pair of boots (worn)
Jewellery
 m - a +4 ring of evasion (left hand)
 s - a ring of resist corrosion (right hand)
Wands
 u - a wand of iceblast (6)
Scrolls
 o - a scroll of remove curse
 q - 2 scrolls of magic mapping
Potions
 d - 2 potions of might
 g - a potion of lignification
 h - 2 potions of mutation
 i - 2 potions of brilliance
 p - a potion of stabbing
 t - a potion of degeneration {unknown}


   Skills:
 + Level 5.2 Fighting
 + Level 4.0 Axes
 + Level 5.0 Armour
 + Level 3.0 Dodging
 + Level 5.5 Shields


You had 6 spell levels left.
You didn't know any spells.
Your spell library was empty.

Dungeon Overview and Level Annotations

Branches:
Dungeon (6/15)
 Temple: D:4-7

Altars:
Dithmenos
Elyvilon
Fedhas
Gozag
Hepliaklqana
Qazlal

Shops:
D:4 [   D:5 (   D:6 *

Annotations:
D:6 Maggie


Innate Abilities, Weirdness & Mutations

You cannot be hasted, slowed, berserked, paralysed or teleported.
You can dig through walls and to a lower floor.
Your four strong arms can wield two-handed weapons with a shield.
You have a pair of large antennae on your head. (SInv)


Message History

A gnoll comes into view.
You block the bullfrog's attack.
Maggie gestures wildly while chanting.
Maggie draws you further into her thrall.
The gnoll closely misses you.
You hit Maggie.
Maggie is moderately wounded.
You hit the quokka but do no damage. You hit the bullfrog.
You kill the bullfrog!
Your Axes skill increases to level 4!
Your Armour skill increases to level 5!
Your Dodging skill increases to level 3!
You barely miss the leopard gecko. You slash the sky beast!
You block the leopard gecko's attack. The quokka misses you.
The sky beast hits you. The sky beast shocks you.
* * * LOW HITPOINT WARNING * * *
A gnoll comes into view. It is wielding a +0 whip.
The gnoll misses you.
Maggie points at you and mumbles some strange words.
The bolt of fire hits you!!
You die...

... .....# .∩[#
...##.... ...##.
....#....[#...#...
..............$...
..(.....##........
.........g........
......@.r.........
......h@†.?.......
.g....Y.l.........
g..####...<.....?.
. #............
#.............
...............
...####.......#.
#.. #.#....## ##
###....#


You could see Maggie (mesmerising), a sky beast (invisible), a hound, 3 gnolls,
a leopard gecko and a quokka.

Vanquished Creatures
  Eustachio (D:4)
  A centaur (D:5)
  A bullfrog (D:6)
  Blork the orc (D:4)
  2 orc priests (D:3)
  2 iguanas (D:5)
  An orc wizard (D:3)
  A worker ant zombie (D:5)
  7 adders
  A white imp (D:5)
  2 oozes
  3 worms
  A dart slug (D:1)
  4 leopard geckos
  13 orcs (D:3)
  13 bats
  7 giant cockroaches
  2 goblins
  10 hobgoblins
  A jackal (D:6)
  11 kobolds
  A quokka (D:5)
  2 ball pythons
  3 frilled lizards
  8 rats
99 creatures vanquished.

Vanquished Creatures (others)
  2 fungi (D:4)
  13 plants
15 creatures vanquished.

Grand Total: 114 creatures vanquished

Notes
Turn   | Place    | Note
-------+----------+-------------------------------------------
     0 | D:1      | Demosthentine the Formicid Fighter began the quest for the
                  | Orb.
     0 | D:1      | Reached XP level 1. HP: 18/18 MP: 1/1
   111 | D:1      | Reached XP level 2. HP: 24/24 MP: 2/2
   395 | D:1      | Reached XP level 3. HP: 26/29 MP: 3/3
  1304 | D:2      | Reached skill level 1 in Dodging
  1360 | D:2      | Reached XP level 4. HP: 37/37 MP: 4/4
  1511 | D:2      | Found an opulent altar of Gozag.
  1765 | D:2      | Found a hazy altar of Hepliaklqana.
  2010 | D:3      | Reached XP level 5. HP: 37/42 MP: 5/5
  2198 | D:3      | Reached XP level 6. HP: 13/48 MP: 6/6
  2955 | D:4      | Found a stormy altar of Qazlal.
  2955 | D:4      | Found a blossoming altar of Fedhas.
  2955 | D:4      | Noticed a phantom
  3012 | D:4      | Noticed Eustachio
  3036 | D:4      | Killed Eustachio
  3036 | D:4      | Reached skill level 5 in Shields
  3036 | D:4      | Reached XP level 7. HP: 44/55 MP: 7/7
  3220 | D:4      | Found Zufis's Antique Armour Shoppe.
  3316 | D:4      | Noticed Blork the orc
  3317 | D:4      | Found a white marble altar of Elyvilon.
  3336 | D:4      | Killed Blork the orc
  3483 | D:5      | Entered Level 5 of the Dungeon
  3501 | D:5      | Reached skill level 5 in Fighting
  3572 | D:5      | Found Daxtize's Weapon Emporium.
  3722 | D:5      | Found a shadowy altar of Dithmenos.
  4109 | D:6      | Noticed Maggie
  4111 | D:6      | Found Ofrunk Biego's General Store.
  4120 | D:6      | Reached skill level 5 in Armour
  4120 | D:6      | Killed from afar by Maggie

Illustrated notes

Levels and vault maps discovered:
D:1:      sevenhm_arrival_forest_fort_small_6, layout_basic, serial_bayou,
          serial_bayou_lagoon_a, serial_bayou_shore_b, serial_bayou_lagoon_b,
          serial_bayou_pond_d
D:2:      layout_loops_ring, marbit_many_paths,
          nicolae_gozag_cash_rules_everything_around_me
D:3:      layout_rooms, minivault_23, chequers_serial_rivers_micro_d,
          corner_web_ring
D:4:      layout_rooms, grunt_temple_overflow_forces_of_nature,
          elyvilon_altar_5, serial_shops, nicolae_shop_crystal,
          uniq_blork_the_orc, uniq_eustachio
D:5:      layout_cave_pools, serial_shops, nicolae_shop_crystal,
          grunt_dithmenos_smoke
D:6:      layout_cave_pools, gammafunk_temple_overflow_statue,
          yredelemnul_altar_generic, lightli_temple_of_fire, serial_gnoll_camp,
          gnoll_camp_mini_hut, gnoll_camp_mini_basic, gnoll_camp_mini_shop,
          gnoll_camp_mini_house, gnoll_camp_mini_shop, minmay_starry_boxes,
          uniq_maggie

Skill      XL: |  1  2  3  4  5  6  7 |
---------------+----------------------+-----
Shields        | 4 5 |  5.5
Dodging        | 1 2 3 |  3.0
Fighting       | 4 5 |  5.2
Armour         | 4 5 |  5.0
Axes           | 3 4 |  4.0

Action                   |  1- 3 |  4- 6 |  7- 9 || total
-------------------------+-------+-------+-------++-------
Melee: War axe           |   110 |   156 |    77 ||   343
  Use: Scroll            |     1 |     7 |     4 ||    12
       Potion            |       |     1 |     1 ||     2
Armor: Scale mail        |    55 |    90 |    19 ||   164
Dodge: Dodged            |    71 |    99 |    46 ||   216
Block: Kite shield       |    63 |   137 |    41 ||   241

Table legend: (Time is in decaauts)
 A = Elapsed time spent in this place.
 B = Non-inter-level travel time spent in this place.
 C = Inter-level travel time spent in this place.
 D = Time resting spent in this place.
 E = Time spent auto-exploring this place.
 F = Levels seen in this place.
 G = Mean time per level.
                   A        B        C        D        E       F      G
               +--------+--------+--------+--------+--------+-----+--------+
         Total |   4301 |   4176 |    125 |    185 |   3177 |   6 |  716.8 |
       Dungeon |   4301 |   4176 |    125 |    185 |   3177 |   6 |  716.8 |
               +--------+--------+--------+--------+--------+-----+--------+

Top non-repeatable levels by time:
     D:1: 1362 daAuts
     D:3: 989 daAuts
     D:2: 749 daAuts
     D:5: 641 daAuts
     D:4: 545 daAuts
     D:6: 12 daAuts
